 Dungeon Crawl Stone Soup version 0.29-a0-25-g7f48f510a0 (webtiles) character file.

Game seed: 14371632775666110391

434 funkygono the Firebug (level 7, 0/36 HPs)
             Began as a Gargoyle Fire Elementalist on Jan 31, 2022.
             Slain by an orc wizard (4 damage)
             ... on level 4 of the Dungeon.
             The game lasted 00:05:35 (4151 turns).

funkygono the Firebug (Gargoyle Fire Elementalist)  Turns: 4151, Time: 00:05:36

Health: 0/36       AC:  6    Str: 10 (12) XL:     7   Next: 0%
Magic:  3/14       EV: 11    Int: 15 (17) God:
Gold:   107        SH:  0    Dex:  7 (10) Spells: 9/15 levels left

rFire   . . .      SeeInvis .   g - +0 flail
rCold   . . .      Faith    .   (no shield)
rNeg    + . .      Spirit   .   a - +0 robe
rPois   ∞          Reflect  .   (no helmet)
rElec   +          Harm     .   (no cloak)
rCorr   .          Rampage  .   (no gloves)
Will    .....                   (no boots)
Stlth   ++........              d - amulet of the acrobat
HPRegen 0.12/turn               (no ring)
MPRegen 0.14/turn               (no ring)

@: attractive
A: sickness immunity, AC +4, negative energy resistance 1, electricity
resistance, torment resistance 1, petrification resistance
a: no special abilities


You were on level 4 of the Dungeon.
You visited 1 branch of the dungeon, and saw 4 of its levels.

You collected 107 gold pieces.

Inventory:

Hand Weapons
 f - a +0 club
 g - a +0 flail (weapon)
 k - a +0 whip
 o - a +0 great sword
Missiles
 j - 68 stones
 m - a throwing net
Armour
 a - a +0 robe (worn)
 l - a +0 leather armour
Jewellery
 d - an amulet of the acrobat (around neck)
Scrolls
 b - a scroll of acquirement {unknown}
 h - 2 scrolls of identify {unknown}
 i - a scroll of vulnerability {unknown}
 n - a scroll of teleportation {unknown}
 r - a scroll of fog {unknown}
Potions
 q - a potion of lignification


   Skills:
 + Level 0.1 Fighting
 + Level 1.6 Dodging
 - Level 2.1 Stealth
 * Level 4.8 Spellcasting
 * Level 2.9 Conjurations
 * Level 5.1 Fire Magic


You had 9 spell levels left.
You knew the following spells:

 Your Spells              Type           Power      Damage    Failure   Level
a - Foxfire               Conj/Fire      60%        2x1d7     3%          1
b - Scorch                Fire           38%        2d7       3%          2
c - Conjure Flame         Conj/Fire      15%        6-21      10%         3

Your spell library contained the following spells:

 Spells                   Type           Power      Damage    Failure   Level
 Inner Flame              Hex/Fire       11%        N/A       17%         3
 Flame Wave               Conj/Fire      15%        2d6       30%         4


Dungeon Overview and Level Annotations

Branches:
Dungeon (4/15)
 Temple: D:4-7

Altars:


Innate Abilities, Weirdness & Mutations

You are immune to sickness and miasma.
Your stone body is resilient. (AC +4)
You are immune to poison.
You resist negative energy. (rN+)
You are resistant to electric shocks. (rElec)
You are resistant to unholy torment.
You are immune to petrification.


Message History

You feel yourself slow down.
You feel a little less clever now. The orc hits you but does no damage.
Something barely misses you.
It was a potion of attraction.
You feel attractive to monsters. The orc hits you but does no damage.
You hear some strange, mumbled words.
Something tries to affect you, but you resist.
You hear some strange, mumbled words.
You are confused.
You're too confused to cast spells.
Sorry, you're not good enough to have a special ability.
You're too confused to cast spells.
Sorry, you're not good enough to have a special ability.
Unknown command.
You're too confused to cast spells.
You're too confused to cast spells.
Sorry, you're not good enough to have a special ability.
The orc completely misses you. Something hits you but does no damage.
You completely miss something. The orc barely misses you.
Something hits you but does no damage.
You bump into the rock wall.
An orc wizard appears from thin air!
Reactivating autopickup.
The orc hits you with a +0 dagger.
* * * LOW HITPOINT WARNING * * *
The orc wizard misses you.
You closely miss the orc wizard.
The orc wizard is heavily wounded.
The orc hits you with a +0 dagger.
* * * LOW HITPOINT WARNING * * *
The orc wizard barely misses you.
You bump into the rock wall.
You feel less confused.
The orc wizard hits you with a +2 dagger of electrocution.
* * * LOW HITPOINT WARNING * * *
The adder closely misses you. The orc hits you but does no damage.
You closely miss the orc wizard.
The orc wizard is heavily wounded.
The adder closely misses you.
The orc wizard hits you with a +2 dagger of electrocution.
You die...

#####.# #..)...#
#...#.# #..))).#
##...#.########...)..#
..............>##.#..#
##...##.######. #.#
.... #...##.## #)#
.### #...##..# #.##)#
# #######.### #.#oS#
#.........# #.#@o#
#.........# #.##.#
#.........# #.#..#
#.........# #.#..#
#.........# #.##.#
#.........# #....#
#######.### #.####
###.#####.#
#.........#


You could see an orc wizard, an adder and an orc.

Vanquished Creatures
  A black bear (D:4)
  A phantom (D:4)
  A centaur skeleton (D:4)
  An orc priest (D:4)
  2 orc wizards (D:4)
  A gnoll (D:1)
  5 adders
  An ufetubus (D:4)
  2 worms (D:2)
  A dart slug (D:1)
  11 orcs
  5 endoplasms
  3 giant cockroaches
  4 goblins
  5 hobgoblins
  4 jackals (D:2)
  4 quokkas
  10 ball pythons
  8 bats
  3 frilled lizards
  8 kobolds
  5 rats
86 creatures vanquished.

Vanquished Creatures (others)
  260 foxfires
260 creatures vanquished.

Grand Total: 346 creatures vanquished

Notes
Turn   | Place    | Note
-------+----------+-------------------------------------------
     0 | D:1      | funkygono the Gargoyle Fire Elementalist began the quest
                  | for the Orb.
     0 | D:1      | Reached XP level 1. HP: 10/10 MP: 3/3
   220 | D:1      | Reached XP level 2. HP: 15/15 MP: 1/5
   229 | D:1      | Learned a level 2 spell: Scorch
   273 | D:1      | Found a faded altar of an unknown god.
   758 | D:1      | Reached XP level 3. HP: 14/19 MP: 0/6
  1299 | D:2      | Learned a level 3 spell: Conjure Flame
  1925 | D:2      | Reached XP level 4. HP: 24/24 MP: 4/8
  1973 | D:2      | Reached skill level 4 in Fire Magic
  2957 | D:3      | Reached XP level 5. HP: 28/28 MP: 3/10
  3506 | D:4      | Noticed a phantom
  3519 | D:4      | Killed a phantom
  3613 | D:4      | Reached XP level 6. HP: 32/32 MP: 5/12
  3858 | D:4      | Noticed a black bear
  3863 | D:4      | Killed a black bear
  3864 | D:4      | Reached skill level 5 in Fire Magic
  4110 | D:4      | Reached XP level 7. HP: 34/36 MP: 1/14
  4151 | D:4      | Slain by an orc wizard

Illustrated notes

Levels and vault maps discovered:
D:1:      evilmike_arrival_crescent, layout_basic, ebering_ecumenical_altar_box
D:2:      layout_basic, kennysheep_nub, chequers_serial_rivers_small_b
D:3:      layout_basic, st_stairs_3, minivault_5
D:4:      layout_basic, serial_shops, nicolae_take_the_stairs,
          guppyfry_early_orc_mine, uniq_grinder

Skill      XL: |  1  2  3  4  5  6 |
---------------+-------------------+-----
Fire Magic     | 4 5 |  5.1
Spellcasting   | 3 4 |  4.8
Conjurations   | 2 |  2.9
Fighting       | |  0.1
Dodging        | |  1.6
Stealth        | |  2.1

Action                   |  1- 3 |  4- 6 |  7- 9 || total
-------------------------+-------+-------+-------++-------
Melee: Flail             |     2 |     7 |    12 ||    21
 Cast: Foxfire           |    44 |   103 |     5 ||   152
       Scorch            |    19 |    17 |       ||    36
       Conjure Flame     |       |     1 |       ||     1
  Use: Potion            |       |       |     7 ||     7
Armor: Robe              |     3 |     2 |    10 ||    15
       Skin              |       |       |     8 ||     8
Dodge: Dodged            |    21 |    10 |     9 ||    40

Table legend: (Time is in decaauts)
 A = Elapsed time spent in this place.
 B = Non-inter-level travel time spent in this place.
 C = Inter-level travel time spent in this place.
 D = Time resting spent in this place.
 E = Time spent auto-exploring this place.
 F = Levels seen in this place.
 G = Mean time per level.
                   A        B        C        D        E       F      G
               +--------+--------+--------+--------+--------+-----+--------+
         Total |   4157 |   4024 |    133 |     27 |   3408 |   4 | 1039.2 |
       Dungeon |   4157 |   4024 |    133 |     27 |   3408 |   4 | 1039.2 |
               +--------+--------+--------+--------+--------+-----+--------+

Top non-repeatable levels by time:
     D:1: 1289 daAuts
     D:2: 1166 daAuts
     D:3: 961 daAuts
     D:4: 740 daAuts
